Map: Lightshade LE

Players

Serral

  • Race: Zerg Zerg

Zoun - Winner!

  • Race: Protoss Protoss

Event: DreamHack SC2 Masters 2021 Fall

VOD

Have the link to the VOD?

Description

Time

  • Played on: Sept. 10, 2021, 10:03 a.m.
  • Length: 13:23

All games in this series

Show
View Real Time Build Order
Export as new Build Order

Serral Zerg 

Build Orders: Hatch First 

Get SALT Encoding   

  12  0:01  Drone  
  13  0:12  Overlord  
  13  0:17  Drone  
  14  0:31  Drone x2  
  16  0:44  Drone  
  17  0:52  Hatchery  
  17  0:56  Drone  
  17  1:00  Drone  
  18  1:11  Extractor  
  17  1:16  Spawning Pool  
  16  1:18  Drone  
  16  1:21  Drone  
  18  1:28  Drone  
  19  1:39  Drone  
  20  1:49  Overlord  
  20  2:02  Queen  
  20  2:03  Queen  
  20  2:04  Zergling x4  
  26  2:11  Drone  
  26  2:13  Metabolic Boost  
  26  2:15  Drone  
  28  2:21  Drone  
  29  2:25  Drone  
  30  2:38  Queen  
  30  2:44  Hatchery  
  31  2:47  Drone  
  31  2:48  Drone  
  33  2:52  Overlord  
  33  2:55  Drone  
  33  2:57  Drone  
  35  2:59  Drone  
  35  3:05  Overlord  
  36  3:13  Drone x4  
  36  3:19  Queen  
  42  3:23  Drone x2  
  42  3:26  Drone  
  45  3:29  Spore Crawler  
  43  3:34  Drone  
  43  3:35  Drone  
  43  3:36  Overlord  
  43  3:40  Queen  
  47  3:45  Zergling x6  
  50  3:51  Overlord  
  50  3:59  Spore Crawler  
  50  4:00  Drone  
  50  4:01  Drone x5  
  55  4:08  Zergling x2  
  55  4:09  Drone  
  56  4:13  Drone  
  57  4:17  Queen, Overlord  
  57  4:18  Drone  
  57  4:21  Drone x3  
  63  4:24  Zergling x2  
  63  4:26  Drone  
  65  4:32  Roach Warren, Overlord  
  65  4:35  Queen  
  66  4:39  Overlord  
  66  4:40  Drone x2  
  66  4:44  Spore Crawler  
  67  4:48  Extractor x2, Drone x2  
  67  4:49  Extractor, Drone  
  67  4:52  Overlord x2  
  67  4:56  Overlord  
  67  4:59  Queen  
  69  5:05  Zergling x6  
  71  5:20  Roach x8  
  87  5:25  Roach x2  
  91  5:30  Overlord  
  91  5:34  Overlord  
  90  5:45  Overlord  
  90  5:46  Zergling x16  
  98  5:51  Zergling x2  
  98  5:54  Ravager  
  98  5:55  Ravager x2  
  98  5:56  Ravager x3  
  105  5:58  Zergling x8  
  105  6:01  Ravager  
  108  6:05  Zergling x4  
  108  6:08  Ravager  
  111  6:14  Zergling x12  
  108  6:25  Zergling x2  
  108  6:26  Zergling x4  
  108  6:35  Zergling x4  
  99  6:43  Zergling x2  
  99  6:44  Zergling x2, Queen  
  99  6:45  Queen, Lair  
  96  6:54  Zergling x6  
  96  6:58  Zergling x4  
  96  7:04  Evolution Chamber  
  89  7:08  Ravager  
  84  7:18  Zergling x10  
  84  7:20  Queen x2  
  85  7:24  Roach x2  
  83  7:32  Roach  
  83  7:33  Roach x2  
  85  7:41  Roach  
  85  7:42  Roach  
  86  7:46  Roach  
  86  7:49  Zerg Missile Weapons Level 1  
  83  7:52  Drone  
  83  7:53  Drone  
  83  7:54  Drone  
  83  7:58  Hatchery, Glial Reconstitution  
  83  8:03  Drone  
  83  8:04  Drone x2  
  85  8:19  Drone x5  
  91  8:20  Drone x4  
  91  8:24  Roach x2  
  91  8:25  Extractor  
  93  8:31  Extractor, Roach, Spire  
  93  8:41  Roach x6  
  105  8:43  Overlord  
  105  8:46  Overlord  
  105  8:51  Roach x6  
  117  8:58  Roach  
  119  9:06  Overlord  
  119  9:07  Ravager x2  
  121  9:12  Overseer  
  121  9:14  Drone x2  
  123  9:17  Zergling x2  
  124  9:42  Drone x2  
  124  9:45  Mutalisk x13  
  126  9:50  Overlord x3  
  152  9:59  Ravager  
  153  10:00  Zergling x14  
  160  10:12  Roach x4  
  168  10:17  Roach x3  
  174  10:23  Baneling Nest  
  174  10:28  Roach x5  
  176  10:38  Roach x5  
  173  10:48  Zergling x10  
  173  10:49  Zergling x6  
  177  10:56  Zergling x2  
  177  10:57  Zergling x10  
  161  11:10  Zergling x12  
  140  11:12  Baneling  
  140  11:13  Baneling x8  
  130  11:24  Roach Warren  
  128  11:38  Zergling x10  
  119  11:48  Zergling x2  
  118  12:05  Roach x2  
  127  12:13  Roach  
  25  13:08  Drone x4  
Show
View Real Time Build Order
Export as new Build Order

Zoun Protoss - Winner!

Build Orders: 1 Gate Expand, Oracle Opening 

Get SALT Encoding   

  12  0:00  Probe  
  13  0:12  Probe  
  14  0:20  Pylon  
  14  0:24  Probe  
  15  0:38  Probe (Chrono Boost)  
  15  0:42  Gateway  
  16  0:48  Probe (Chrono Boost)  
  17  0:51  Assimilator  
  17  0:53  Probe (Chrono Boost)  
  18  1:04  Probe  
  19  1:17  Probe  
  20  1:25  Nexus  
  20  1:36  Cybernetics Core  
  20  1:40  Probe  
  20  1:45  Assimilator  
  21  1:52  Probe  
  22  1:54  Pylon  
  22  2:04  Probe  
  23  2:09  Adept (Chrono Boost)  
  23  2:12  Warp Gate  
  25  2:16  Probe  
  26  2:26  Stargate  
  26  2:28  Probe (Chrono Boost)  
  27  2:34  Adept  
  29  2:38  Probe (Chrono Boost)  
  29  2:40  Probe (Chrono Boost)  
  31  2:47  Probe (Chrono Boost)  
  31  2:48  Probe (Chrono Boost)  
  33  2:52  Probe (Chrono Boost)  
  33  2:56  Probe  
  35  3:03  Gateway, Void Ray (Chrono Boost)  
  35  3:04  Probe  
  36  3:08  Probe  
  41  3:16  Probe  
  42  3:20  Probe  
  42  3:23  Pylon  
  43  3:28  Probe  
  43  3:32  Probe  
  45  3:40  Probe  
  45  3:41  Oracle (Chrono Boost)  
  46  3:44  Probe  
  50  3:54  Pylon  
  50  3:56  Nexus  
  50  3:57  Probe x2  
  52  4:10  Twilight Council, Forge  
  52  4:11  Assimilator  
  52  4:13  Assimilator  
  52  4:19  Shield Battery, Probe  
  52  4:22  Probe  
  54  4:25  Void Ray  
  54  4:30  Protoss Air Weapons Level 1 (Chrono Boost)  
  54  4:32  Probe  
  54  4:34  Probe  
  54  4:35  Pylon  
  60  4:45  Probe (Chrono Boost)  
  61  4:46  Charge  
  61  4:48  Probe (Chrono Boost)  
  61  4:51  Protoss Ground Weapons Level 1  
  62  4:56  Probe (Chrono Boost)  
  62  4:57  Gateway  
  62  4:58  Gateway, Probe (Chrono Boost)  
  64  5:01  Probe (Chrono Boost)  
  64  5:03  Void Ray  
  64  5:04  Probe  
  66  5:10  Probe  
  66  5:11  Probe  
  72  5:20  Robotics Facility  
  72  5:23  Probe x3  
  72  5:27  Shield Battery  
  75  5:35  Probe x2  
  77  5:36  Adept  
  76  5:42  Photon Cannon  
  76  5:44  Photon Cannon  
  76  5:45  Shield Battery, Adept  
  76  5:48  Shield Battery, Void Ray (Chrono Boost)  
  78  5:54  Pylon  
  82  5:58  Shield Battery  
  82  6:04  Shield Battery, Sentry  
  82  6:05  Photon Cannon  
  82  6:10  Photon Cannon  
  84  6:17  Pylon  
  82  6:26  Zealot  
  82  6:31  Cybernetics Core  
  84  6:34  Immortal (Chrono Boost)  
  84  6:37  Zealot x3  
  90  6:42  Probe  
  90  6:44  Photon Cannon  
  90  6:45  Photon Cannon  
  82  6:48  Zealot  
  80  6:57  Void Ray, Zealot x3  
  73  7:03  Immortal (Chrono Boost)  
  74  7:11  Zealot  
  74  7:13  Probe  
  67  7:18  Zealot x2  
  67  7:23  Zealot  
  51  7:39  Zealot x2  
  56  7:44  Probe (Chrono Boost)  
  56  7:45  Probe (Chrono Boost)  
  56  7:47  Zealot  
  56  7:48  Probe (Chrono Boost)  
  60  7:52  Void Ray  
  60  7:56  Probe (Chrono Boost)  
  60  7:57  Templar Archives  
  67  7:58  Probe (Chrono Boost)  
  67  8:00  Probe (Chrono Boost)  
  67  8:01  Probe (Chrono Boost)  
  68  8:06  Probe  
  68  8:09  Probe  
  68  8:11  Observer, Probe  
  72  8:15  Gateway  
  72  8:19  Gateway  
  72  8:20  Zealot  
  72  8:21  Probe  
  72  8:23  Probe  
  72  8:26  Sentry  
  78  8:31  Probe  
  78  8:33  Probe  
  80  8:35  Probe  
  80  8:36  Gateway  
  80  8:37  Gateway  
  80  8:40  Gateway  
  80  8:41  Observer  
  81  8:44  Gateway  
  81  8:54  Assimilator, High Templar x2  
  81  8:55  Zealot  
  87  9:00  Assimilator, Archon  
  87  9:07  Warp Prism  
  89  9:12  Gateway  
  89  9:14  Pylon  
  89  9:15  Pylon  
  89  9:25  Pylon  
  89  9:26  Pylon  
  89  9:30  High Templar x2  
  93  9:34  Pylon  
  93  9:35  Archon  
  93  9:37  High Templar x4  
  101  9:40  Pylon  
  101  9:42  Archon  
  101  9:46  Pylon x2, Probe x3  
  101  9:50  Archon  
  104  9:55  High Templar  
  104  9:56  High Templar, Zealot  
  110  10:00  Archon  
  110  10:03  Zealot  
  110  10:04  Zealot  
  114  10:12  Sentry x3, Zealot  
  114  10:13  Zealot  
  124  10:16  Pylon  
  124  10:27  Zealot x3  
  124  10:28  Zealot x5  
  128  10:41  Stalker x2  
  120  10:49  High Templar x2  
  117  10:53  Archon  
  117  10:54  Zealot x6  
  108  11:12  High Templar x2  
  108  11:16  Archon  
  109  11:22  High Templar x2  
  102  11:27  Archon  
  102  11:28  Zealot x2  
  98  11:35  Zealot  
  97  11:54  High Templar x2  
  99  11:58  Archon  
  91  12:19  Sentry  

Tags
 
Add a new tag
Caveats
  • Supply blocks, unpowered buildings, or Contaminate may cause inaccurate times.
  • Supply counts are checked every 10 seconds.